SNL (28 & UNDER)
WICHITA WRANGLERS @ KEY WEST BARRACUDAS
04/03/2023
 
TOP OF THE 1ST
Wichita Wranglers batting - Pitching for Key West Barracudas : LHP Francisco Morales
Pitching: LHP Francisco Morales
Batting: LHB Mario Cornelo 0-0: Ground out 4-3 (Groundball, 4MD)
Batting: RHB Anthony Rucker 0-0: Called Strike
0-1: Swinging Strike
0-2: Foul Ball, location: 2F
0-2: Strikes out swinging
Batting: LHB Mike Callahan 0-0: Called Strike
0-1: Foul Ball, location: 2F
0-2: Foul Ball, location: 2F
0-2: Strikes out looking
Top of the 1st over - 0 run(s), 0 hit(s), 0 error(s), 0 left on base; Wichita 0 - Key West 0
BOTTOM OF THE 1ST
Key West Barracudas batting - Pitching for Wichita Wranglers : RHP Flint Gray
Pitching: RHP Flint Gray
Batting: RHB Luis Pineda 0-0: Ball
1-0: Ball
2-0: Ball
3-0: Called Strike
3-1: Base on Balls
Batting: SHB Patrick Larson 0-0: Ball
1-0: Fly out, F8 (Flyball, 8LM)
Batting: SHB Víctor Serrano 0-0: Ball
1-0: Ball
2-0: Ball
3-0: Base on Balls
Luis Pineda to second
Batting: RHB Carlos Miranda 0-0: Ball
1-0: Called Strike
1-1: Ball
2-1: Fly out, F8 (Flyball, 8LS)
Batting: RHB Luther Stoffels 0-0: Foul Ball, location: 2F
0-1: Swinging Strike
0-2: SINGLE (Line Drive, 78S)
Luis Pineda to third
Víctor Serrano to second
Runner from 3rd tries for Home, SAFE, no throw or cutoff
Batting: LHB Jake Wells 0-0: Foul Ball, location: 2F
0-1: Ball
1-1: Ball
2-1: Ball
3-1: Foul Ball, location: 2F
3-2: Foul Ball, location: 2F
3-2: Base on Balls
Víctor Serrano to third
Luther Stoffels to second
Batting: RHB Kenny Cole 0-0: Foul Ball, location: 2F
0-1: SINGLE (Flyball, 9S)
Víctor Serrano scores
Luther Stoffels to third
Jake Wells to second
Runner from 3rd tries for Home, SAFE, no throw or cutoff
Batting: RHB Alfredo Pineda 0-0: Called Strike
0-1: Ball
1-1: Ball
2-1: Ball
3-1: Base on Balls
Jake Wells to third
Kenny Cole to second
Batting: RHB Dan Craft 0-0: Ball
1-0: Called Strike
1-1: Ball
2-1: Foul Ball, location: 2F
2-2: Foul Ball, location: 2F
2-2: Ball
3-2: Strikes out swinging
Bottom of the 1st over - 3 run(s), 2 hit(s), 0 error(s), 3 left on base; Wichita 0 - Key West 3
TOP OF THE 2ND
Wichita Wranglers batting - Pitching for Key West Barracudas : LHP Francisco Morales
Batting: RHB George Clark 0-0: Foul Ball, location: 2F
0-1: Ball
1-1: Fly out, F9 (Flyball, 9M)
Batting: LHB Elliott Newell 0-0: Ball
1-0: Ball
2-0: Ball
3-0: Called Strike
3-1: Fly out, F6 (Popup, 56)
Batting: RHB Cho-yun Qiao 0-0: Swinging Strike
0-1: Ball
1-1: SINGLE (Line Drive, 7S)
Batting: LHB Jesús Tobías 0-0: Ball
1-0: Reached on error, E6 (Groundball, 6)
Cho-yun Qiao to second
Batting: RHB Don Thomas 0-0: Ball
1-0: Swinging Strike
1-1: Ball
2-1: Foul Ball, location: 2F
2-2: Strikes out looking
Top of the 2nd over - 0 run(s), 1 hit(s), 1 error(s), 2 left on base; Wichita 0 - Key West 3
BOTTOM OF THE 2ND
Key West Barracudas batting - Pitching for Wichita Wranglers : RHP Flint Gray
Batting: RHB Luis Pineda 0-0: Ball
1-0: Called Strike
1-1: Ball
2-1: Ball
3-1: Foul Ball, location: 2F
3-2: Foul Ball, location: 2F
3-2: DOUBLE (Line Drive, 5D)
Batting: SHB Patrick Larson 0-0: Ball
1-0: Ground out 6-3 (Groundball, 6)
Luis Pineda to third
Batting: SHB Víctor Serrano 0-0: Called Strike
0-1: Ball
1-1: Ball
2-1: Called Strike
2-2: Foul Ball, location: 2F
2-2: Ball
3-2: Fly out, F7 (Line Drive, 7M)
Runner from 3rd tags up, SCORES, no throw
Batting: RHB Carlos Miranda 0-0: Called Strike
0-1: Swinging Strike
0-2: Ball
1-2: Strikes out swinging
Bottom of the 2nd over - 1 run(s), 1 hit(s), 0 error(s), 0 left on base; Wichita 0 - Key West 4
TOP OF THE 3RD
Wichita Wranglers batting - Pitching for Key West Barracudas : LHP Francisco Morales
Batting: RHB Jim Beck 0-0: Ball
1-0: Ball
2-0: Foul Ball, location: 2F
2-1: Ground out 4-3 (Groundball, 4)
Batting: LHB Mario Cornelo 0-0: Ball
1-0: Ball
2-0: Foul Ball, location: 2F
2-1: Ground out 4-3 (Groundball, 34)
Batting: RHB Anthony Rucker 0-0: Ball
1-0: Foul Ball, location: 2F
1-1: Fly out, F8 (Line Drive, 8RD)
Top of the 3rd over - 0 run(s), 0 hit(s), 0 error(s), 0 left on base; Wichita 0 - Key West 4
BOTTOM OF THE 3RD
Key West Barracudas batting - Pitching for Wichita Wranglers : RHP Flint Gray
Batting: RHB Luther Stoffels 0-0: DOUBLE (Line Drive, 7LM)
Batting: LHB Jake Wells 0-0: Ball
1-0: Ball
2-0: Ball
3-0: Called Strike
3-1: Swinging Strike
3-2: Foul Ball, location: 2F
3-2: Foul Ball, location: 2F
3-2: Base on Balls
Batting: RHB Kenny Cole 0-0: Called Strike
0-1: Swinging Strike
0-2: Strikes out swinging
Batting: RHB Alfredo Pineda 0-0: Fly out, F6 (Line Drive, 6)
Batting: RHB Dan Craft 0-0: Called Strike
0-1: Ball
1-1: Reached on error, E1 (Groundball, 15S)
Luther Stoffels to third
Jake Wells to second
Batting: RHB Luis Pineda 0-0: Called Strike
0-1: Ball
1-1: Fly out, F8 (Line Drive, 8LM)
Bottom of the 3rd over - 0 run(s), 1 hit(s), 1 error(s), 3 left on base; Wichita 0 - Key West 4
TOP OF THE 4TH
Wichita Wranglers batting - Pitching for Key West Barracudas : LHP Francisco Morales
Batting: LHB Mike Callahan 0-0: Called Strike
0-1: Called Strike
0-2: Ball
1-2: Strikes out looking
Batting: RHB George Clark 0-0: Called Strike
0-1: Ball
1-1: SINGLE (Line Drive, 34)
Batting: LHB Elliott Newell 0-0: Ball
1-0: Called Strike
George Clark steals 2nd base
1-1: Fly out, F6 (Popup, 6D)
Batting: RHB Cho-yun Qiao 0-0: Called Strike
0-1: SINGLE (Groundball, 56D)
George Clark to third
Runner from 3rd tries for Home, SAFE, no throw or cutoff
Batting: LHB Jesús Tobías 0-0: Ball
1-0: Fly out, F9 (Flyball, 9M)
Top of the 4th over - 1 run(s), 2 hit(s), 0 error(s), 1 left on base; Wichita 1 - Key West 4
BOTTOM OF THE 4TH
Key West Barracudas batting - Pitching for Wichita Wranglers : RHP Flint Gray
Batting: SHB Patrick Larson 0-0: Ball
1-0: Ball
2-0: Swinging Strike
2-1: Ground out 4-3 (Groundball, 4)
Batting: SHB Víctor Serrano 0-0: Ball
1-0: Ball
2-0: Foul Ball, location: 2F
2-1: Swinging Strike
2-2: Ball
3-2: Ground out 6-3 (Groundball, 6)
Batting: RHB Carlos Miranda 0-0: Foul Ball, location: 2F
0-1: Swinging Strike
0-2: Foul Ball, location: 2F
0-2: Strikes out swinging passed ball, reaches first!
Batting: RHB Luther Stoffels 0-0: SINGLE (Groundball, 34D)
Carlos Miranda to second
Runner from 2nd tries for 3rd, SAFE, throw made to third
Luther Stoffels to second
Batting: LHB Jake Wells 0-0: Called Strike
0-1: Ball
1-1: Ball
2-1: SINGLE (Groundball, 56D)
Carlos Miranda scores
Luther Stoffels to third
Runner from 3rd tries for Home, SAFE, no throw or cutoff
Pitching: RHP Dave Grant
Batting: RHB Kenny Cole 0-0: Called Strike
0-1: Ball
1-1: Fly out, F7 (Flyball, 7M)
Bottom of the 4th over - 2 run(s), 2 hit(s), 0 error(s), 1 left on base; Wichita 1 - Key West 6
TOP OF THE 5TH
Wichita Wranglers batting - Pitching for Key West Barracudas : LHP Francisco Morales
Batting: RHB Don Thomas 0-0: Called Strike
0-1: Swinging Strike
0-2: Foul Ball, location: 2F
0-2: Strikes out looking
Batting: RHB Jim Beck 0-0: Called Strike
0-1: Swinging Strike
0-2: Strikes out looking
Batting: LHB Mario Cornelo 0-0: Ball
1-0: Ball
2-0: Called Strike
2-1: SINGLE (Flyball, 6MD)
Batting: RHB Anthony Rucker 0-0: Ball
1-0: Called Strike
1-1: Ball
2-1: Ground out 2-3 (Groundball, 2R)
Top of the 5th over - 0 run(s), 1 hit(s), 0 error(s), 1 left on base; Wichita 1 - Key West 6
BOTTOM OF THE 5TH
Key West Barracudas batting - Pitching for Wichita Wranglers : RHP Dave Grant
Batting: RHB Alfredo Pineda 0-0: Foul Ball, location: 2F
0-1: Ball
1-1: Ground out 6-3 (Groundball, 6)
Batting: RHB Dan Craft 0-0: Swinging Strike
0-1: Ball
1-1: Ball
2-1: Foul Ball, location: 2F
2-2: Foul Ball, location: 2F
2-2: Ball
3-2: DOUBLE (Line Drive, 89S)
Batting: RHB Luis Pineda 0-0: Ball
1-0: Called Strike
Dan Craft steals 3rd base
1-1: Swinging Strike
1-2: Foul Ball, location: 2F
1-2: Ball
2-2: Fly out, F9 (Flyball, 89M)
Runner from 3rd tags up, SCORES, no throw
Batting: SHB Patrick Larson 0-0: Called Strike
0-1: Called Strike
0-2: Ball
1-2: Ball
2-2: Strikes out swinging
Bottom of the 5th over - 1 run(s), 1 hit(s), 0 error(s), 0 left on base; Wichita 1 - Key West 7
TOP OF THE 6TH
Wichita Wranglers batting - Pitching for Key West Barracudas : LHP Francisco Morales
Batting: LHB Mike Callahan 0-0: Swinging Strike
0-1: Ball
1-1: Foul Ball, location: 2F
1-2: Fly out, F3 (Popup, 3S)
Batting: RHB George Clark 0-0: SINGLE (Flyball, 9LM)
Batting: LHB Elliott Newell 0-0: Ball
1-0: Called Strike
1-1: Called Strike
1-2: Foul Ball, location: 2F
1-2: Ball
2-2: Strikes out swinging
Batting: RHB Cho-yun Qiao 0-0: Called Strike
0-1: Called Strike
George Clark is caught stealing 2nd base
Top of the 6th over - 0 run(s), 1 hit(s), 0 error(s), 0 left on base; Wichita 1 - Key West 7
BOTTOM OF THE 6TH
Key West Barracudas batting - Pitching for Wichita Wranglers : RHP Dave Grant
Batting: SHB Víctor Serrano 0-0: Called Strike
0-1: Ball
1-1: Ball
2-1: Fly out, F7 (Line Drive, 78S)
Batting: RHB Carlos Miranda 0-0: Ball
1-0: Swinging Strike
1-1: Swinging Strike
1-2: Strikes out swinging
Batting: RHB Luther Stoffels 0-0: Ball
1-0: SINGLE (Groundball, 5D)
Batting: LHB Jake Wells 0-0: Called Strike
0-1: Ball
1-1: Swinging Strike
1-2: Hit by Pitch
Luther Stoffels to second
Batting: RHB Kenny Cole 0-0: Called Strike
0-1: Ball
1-1: DOUBLE (Line Drive, 9LS)
Luther Stoffels scores
Jake Wells to third
Batting: RHB Alfredo Pineda 0-0: Foul Ball, location: 2F
0-1: Ball
1-1: Ball
2-1: Swinging Strike
2-2: Ball
3-2: Base on Balls
Batting: RHB Dan Craft 0-0: Called Strike
0-1: Ball
1-1: Foul Ball, location: 2F
1-2: SINGLE (Flyball, 78S)
Jake Wells scores
Kenny Cole to third
Alfredo Pineda to second
Runner from 3rd tries for Home, SAFE, no throw or cutoff
Pitching: RHP Eric Hunt
Batting: RHB Luis Pineda 0-0: Fly out, F3 (Popup, 3F)
Bottom of the 6th over - 3 run(s), 3 hit(s), 0 error(s), 2 left on base; Wichita 1 - Key West 10
TOP OF THE 7TH
Wichita Wranglers batting - Pitching for Key West Barracudas : LHP Francisco Morales
Batting: RHB Cho-yun Qiao 0-0: Called Strike
0-1: Ball
1-1: Ground out 6-3 (Groundball, 6M)
Batting: LHB Jesús Tobías 0-0: Ball
1-0: Swinging Strike
1-1: Ground out 4-3 (Groundball, 34)
Batting: RHB Don Thomas 0-0: Ground out 5-3 (Groundball, 5S)
Top of the 7th over - 0 run(s), 0 hit(s), 0 error(s), 0 left on base; Wichita 1 - Key West 10
BOTTOM OF THE 7TH
Key West Barracudas batting - Pitching for Wichita Wranglers : RHP Eric Hunt
Batting: SHB Patrick Larson 0-0: Ball
1-0: Ball
2-0: Ball
3-0: Called Strike
3-1: Base on Balls
Batting: SHB Víctor Serrano 0-0: Ball
1-0: Ball
2-0: Called Strike
2-1: Grounds into double play, 1-6-3 (Groundball, 23)
Batting: RHB Carlos Miranda 0-0: Ball
1-0: Foul Ball, location: 2F
1-1: Ball
2-1: Foul Ball, location: 2F
2-2: Ground out 6-3 (Groundball, 6)
Bottom of the 7th over - 0 run(s), 0 hit(s), 0 error(s), 0 left on base; Wichita 1 - Key West 10
TOP OF THE 8TH
Wichita Wranglers batting - Pitching for Key West Barracudas : LHP Francisco Morales
Batting: RHB Jim Beck 0-0: Ball
1-0: Foul Ball, location: 2F
1-1: Swinging Strike
1-2: Foul Ball, location: 2F
1-2: SINGLE (Line Drive, 56)
Batting: LHB Mario Cornelo 0-0: Ball
1-0: Foul Ball, location: 2F
1-1: Ball
2-1: Fly out, F5 (Popup, 5SF)
Pitching: RHP Tom Clement
Batting: RHB Anthony Rucker 0-0: Ball
1-0: Ball
2-0: Ball
3-0: Called Strike
3-1: Swinging Strike
3-2: Strikes out swinging
Batting: LHB Mike Callahan 0-0: Ball
1-0: Ball
2-0: Called Strike
2-1: Ball
3-1: Called Strike
3-2: Foul Ball, location: 2F
3-2: Strikes out looking
Top of the 8th over - 0 run(s), 1 hit(s), 0 error(s), 1 left on base; Wichita 1 - Key West 10
BOTTOM OF THE 8TH
Key West Barracudas batting - Pitching for Wichita Wranglers : RHP Eric Hunt
Batting: RHB Luther Stoffels 0-0: Fly out, F7 (Flyball, 8LM)
Batting: LHB Jake Wells 0-0: Foul Ball, location: 2F
0-1: Ball
1-1: Ball
2-1: Ball
3-1: Swinging Strike
3-2: Base on Balls
Batting: RHB Kenny Cole 0-0: Ball
1-0: Ball
2-0: Called Strike
2-1: Ball
3-1: SINGLE (Line Drive, 6)
Jake Wells to second
Batting: RHB Alfredo Pineda 0-0: Ball
1-0: Ball
2-0: Ball
3-0: Called Strike
3-1: Base on Balls
Jake Wells to third
Kenny Cole to second
Batting: RHB Dan Craft 0-0: Grounds into double play, U6-3 (Groundball, 6)
Bottom of the 8th over - 0 run(s), 1 hit(s), 0 error(s), 2 left on base; Wichita 1 - Key West 10
TOP OF THE 9TH
Wichita Wranglers batting - Pitching for Key West Barracudas : RHP Tom Clement
Batting: RHB George Clark 0-0: DOUBLE (Line Drive, 7LM)
Batting: LHB Elliott Newell 0-0: SINGLE (Flyball, 7S)
George Clark to third
Batting: RHB Cho-yun Qiao 0-0: Ball
1-0: Swinging Strike
1-1: Ball
2-1: Grounds into double play, 6-4-3 (Groundball, 6)
George Clark scores
Batting: LHB Jesús Tobías 0-0: Foul Ball, location: 2F
0-1: Swinging Strike
0-2: Ground out 4-3 (Groundball, 4)
Top of the 9th over - 1 run(s), 2 hit(s), 0 error(s), 0 left on base; Wichita 2 - Key West 10
This league is powered by Out of the Park Baseball, the baseball management simulation game for PC, Mac and Linux
Wednesday, December 2nd, 2015 - OOTP Baseball 16.8 Build 38